 Dungeon Crawl Stone Soup version 0.29-a0-870-g2c972031a6 (webtiles) character file.

Game seed: 3148555457640487860

128 scionoferis the Chiller (level 4, -3/45 HPs)
             Began as a Demonspawn Ice Elementalist on July 17, 2022.
             Slain by Blork the orc
             ... wielding a +2 trident of venom
              (5 damage)
             ... on level 4 of the Dungeon.
             The game lasted 00:10:13 (3047 turns).

scionoferis the Chiller (DsIE)                      Turns: 3047, Time: 00:10:14

Health: -3/45      AC: 28    Str:  9    XL:     4   Next: 87%
Magic:  0/8        EV:  2    Int: 18    God:
Gold:   175        SH:  0    Dex: 13    Spells: 2/9 levels left

rFire   + . .      SeeInvis .   a - +0 dagger
rCold   + . .      Faith    .   (no shield)
rNeg    . . .      Spirit   .   (body armour currently unavailable)
rPois   +          Reflect  .   (helmet currently unavailable)
rElec   +          Harm     .   (cloak currently unavailable)
rCorr   +          Rampage  .   (gloves currently unavailable)
Will    .....      NoTele   +   (boots currently unavailable)
Stlth   ++........              (no amulet)
HPRegen 0.15/turn               (no ring)
MPRegen 0.11/turn               (no ring)

@: lethally poisoned (-3 -> -16), ice-armoured, tree-form, resistant, freezing
walls
A: stationary, stasis, torment immunity, boosted hp, demonic magic 2
a: no special abilities


You were on level 4 of the Dungeon.
You were a tree.
You visited 1 branch of the dungeon, and saw 4 of its levels.

You collected 175 gold pieces.

Inventory:

Hand Weapons
 a - a +0 dagger (weapon)
 b - a +0 arbalest
Missiles
 d - 41 stones
 e - 6 boomerangs (quivered)
 m - 10 poisoned darts
Armour
 c - a +0 robe (melded)
 f - a +0 pair of boots (melded)
Scrolls
 h - a scroll of poison {unknown}
 i - 2 scrolls of teleportation {unknown}
 n - a scroll of amnesia {unknown}
 o - a scroll of vulnerability {unknown}
 p - 3 scrolls of magic mapping {unknown}
 q - a scroll of fog {unknown}
 s - 4 scrolls of identify {unknown}
 v - a scroll of enchant weapon {unknown}
Potions
 j - a potion of lignification
 k - a potion of cancellation {unknown}
 l - a potion of magic
 r - a potion of haste {unknown}
 t - a potion of heal wounds {unknown}
 u - a potion of brilliance {unknown}


   Skills:
 - Level 1.7 Dodging
 - Level 1.7 Stealth
 + Level 3.1 Spellcasting
 * Level 5.1 Ice Magic


You had 2 spell levels left.
You knew the following spells:

 Your Spells              Type           Power      Damage    Failure   Level
a - Freeze                Ice            84%        1d10      1%          1
b - Frozen Ramparts       Ice            42%        1d6       6%          3
c - Ozocubu's Armour      Ice            21%        N/A       6%          3

Your spell library contained the following spells:

 Spells                   Type           Power      Damage    Failure   Level
 Hailstorm                Conj/Ice       12%        3d5       50%         4
 Fulminant Prism          Conj/Hex       1%         3d6       85%         4
 Iskenderun's Mystic Bla  Conj/Tloc      2%         2d3       85%         4
 Lee's Rapid Deconstruct  Erth           1%         3d5*      99%         5


Dungeon Overview and Level Annotations

Branches:
Dungeon (4/15)
 Temple: D:4-7

Altars:
Gozag
Uskayaw

Shops:
D:2 (

Annotations:
D:4 Blork the orc, Menkaure, Pargi


Innate Abilities, Weirdness & Mutations

You are a tree.
Your roots penetrate the ground, keeping you stationary.
You cannot be teleported.
You are immune to unholy pain and torment.
Your maximum health is greatly increased.
Your equipment is partially melded.
Spells you cast may paralyse nearby enemies.


Message History

Malevolent energies surge around you.
You feel sick.
The wall freezes Blork the orc.
Blork the orc gestures at you while chanting.
The magic dart hits you!
* * * LOW HITPOINT WARNING * * *
Okay, then.
Casting: Frozen Ramparts (dangerous; 6% risk of failure)
Confirm with . or Enter, or press ? or * to list all spells.
A film of ice covers your body! Malevolent energies surge around you.
* * * LOW HITPOINT WARNING * * *
You feel sick.
The wall freezes Blork the orc.
Blork the orc gestures at you while chanting.
The puff of flame hits you but does no damage.
The wall freezes Blork the orc.
Blork the orc miscasts a cantrip.
The heat melts your icy armour.
It was a potion of lignification.
You turn into a tree.
Your +0 pair of boots melds into your body.
Your +0 robe melds into your body.
Your roots penetrate the ground.
* * * LOW HITPOINT WARNING * * *
You feel sick.
The wall freezes Blork the orc.
Blork the orc hits you but does no damage.
Okay, then.
Really quaff the potion of lignification?
You are stuck in your current form!
You hit Blork the orc but do no damage.
Blork the orc is moderately wounded.
* * * LOW HITPOINT WARNING * * *
You feel sick.
The wall freezes Blork the orc.
Blork the orc hits you but does no damage.
The wall freezes Blork the orc.
Blork the orc hits you but does no damage.
You are lethally poisoned!
It was a potion of resistance.
You feel protected.
* * * LOW HITPOINT WARNING * * *
You feel very sick.
The wall freezes Blork the orc.
Blork the orc hits you with a +2 trident of venom.
You die...

#. #.# #.# >#
#.# #.# #.####
##.## #.##.#
#...### #.#.#.#
..... #.♣#
#.#...# # #o##
##.#.##.#...
##.###.........#
##o#.###.##...?
##.## #.# # ###
#.# #.# #.# #o#


You could see Blork the orc (fast).

Vanquished Creatures
  3 gnolls (D:3)
  6 adders
  4 endoplasms
  5 giant cockroaches
  3 goblins
  5 hobgoblins
  5 kobolds
  A quokka (D:4)
  5 ball pythons
  4 bats
  3 frilled lizards
  2 rats
46 creatures vanquished.

Vanquished Creatures (others)
  A frilled lizard (D:3)
  A fungus (D:3)
  A plant (D:2)
3 creatures vanquished.

Grand Total: 49 creatures vanquished

Notes
Turn   | Place    | Note
-------+----------+-------------------------------------------
     0 | D:1      | scionoferis the Demonspawn Ice Elementalist began the quest
                  | for the Orb.
     0 | D:1      | Reached XP level 1. HP: 13/13 MP: 3/3
   385 | D:1      | Gained mutation: Spells you cast may paralyse adjacent
                  | enemies. [demonic ancestry]
   385 | D:1      | Reached XP level 2. HP: 19/19 MP: 5/5
   439 | D:1      | Reached skill level 4 in Ice Magic
   815 | D:1      | Found a faded altar of an unknown god.
   959 | D:2      | Found an opulent altar of Gozag.
  1158 | D:2      | You fall into a shaft and drop 2 floors!
  1173 | D:4      | Noticed Pargi
  1247 | D:4      | Reached XP level 3. HP: 24/24 MP: 3/6
  1253 | D:4      | Learned a level 3 spell: Frozen Ramparts
  1493 | D:2      | Found Bari Gas's Antique Weapon Emporium.
  2080 | D:3      | Gained mutation: Spells you cast may paralyse nearby
                  | enemies. [demonic ancestry]
  2080 | D:3      | Reached XP level 4. HP: 24/30 MP: 4/8
  2140 | D:2      | Learned a level 3 spell: Ozocubu's Armour
  2642 | D:3      | Reached skill level 5 in Ice Magic
  2814 | D:4      | Noticed Menkaure
  2931 | D:4      | Found a hide-covered altar of Uskayaw.
  3013 | D:4      | Noticed Blork the orc
  3047 | D:4      | HP: 2/45 [poisoned by Blork the orc]
  3047 | D:4      | Slain by Blork the orc

Illustrated notes

Levels and vault maps discovered:
D:1:      heliophobic_arrival_henge, layout_loops_cross,
          hellmonk_ecumenical_altar_leap_of_faith, minmay_tromino_i2
D:2:      layout_basic, serial_shops, shop, basic_altar, palyth_stone_intersect,
          serial_bayou_ford_a
D:3:      layout_rooms, ebering_dispersal_statue_hall,
          dreamdust_mushroom_princess, minmay_fountain_box, lemuel_old_faithful
D:4:      layout_loops_corners, lemuel_crystal_altar, marbit_many_paths,
          kennysheep_generic_room_2, uniq_menkaure, uniq_pargi,
          uniq_blork_the_orc

Skill      XL: |  1  2  3  4 |
---------------+-------------+-----
Ice Magic      | 4 5 |  5.1
Spellcasting   | 3 |  3.1
Dodging        | |  1.7
Stealth        | |  1.7

Action                   |  1- 3 |  4- 6 || total
-------------------------+-------+-------++-------
Melee: Dagger            |    15 |    14 ||    29
 Cast: Freeze            |    31 |     8 ||    39
       Frozen Ramparts   |     2 |     7 ||     9
       Ozocubu's Armour  |       |     1 ||     1
  Use: Potion            |       |     2 ||     2
 Stab: Sleeping          |     4 |     1 ||     5
       Paralysed         |     4 |     1 ||     5
Armor: Robe              |     8 |     8 ||    16
       Skin              |       |     3 ||     3
Dodge: Dodged            |    20 |     8 ||    28

Table legend: (Time is in decaauts)
 A = Elapsed time spent in this place.
 B = Non-inter-level travel time spent in this place.
 C = Inter-level travel time spent in this place.
 D = Time resting spent in this place.
 E = Time spent auto-exploring this place.
 F = Levels seen in this place.
 G = Mean time per level.
                   A        B        C        D        E       F      G
               +--------+--------+--------+--------+--------+-----+--------+
         Total |   3054 |   2929 |    125 |    387 |   2015 |   4 |  763.5 |
       Dungeon |   3054 |   2929 |    125 |    387 |   2015 |   4 |  763.5 |
               +--------+--------+--------+--------+--------+-----+--------+

Top non-repeatable levels by time:
     D:2: 920 daAuts
     D:1: 919 daAuts
     D:3: 860 daAuts
     D:4: 354 daAuts
